 Dungeon Crawl Stone Soup version 0.29.1-1-gd02db6906a (webtiles) character file.

Game seed: 1150987145766567620

2387 dragoon the Carver (level 9, 0/24 (55) HPs)
             Began as a Tengu Gladiator on Sept 15, 2022.
             Slain by an orc warrior
             ... wielding a +0 war axe
              (15 damage)
             ... in a bailey.
             The game lasted 00:25:25 (8093 turns).

dragoon the Carver (Tengu Gladiator)                Turns: 8093, Time: 00:25:26

HP:   0/24 (55)     AC: 11    Str: 14    XL:     9   Next: 46%
MP:   9/9           EV: 17    Int: 15    God:
Gold: 272           SH:  0    Dex: 20    Spells: 8/8 levels left

rFire   . . .      SeeInvis +   n - +3 falchion
rCold   . . .      Faith    .   (no shield)
rNeg    . . .      Spirit   .   x - +4 ring mail {rPois}
rPois   +          Reflect  .   c - +0 hat
rElec   .          Harm     .   t - scarf {+Inv}
rCorr   .          Rampage  .   k - +0 pair of gloves
Will    .....                   (boots unavailable)
Stlth   +.........              (no amulet)
HPRegen 0.08/turn               p - ring of see invisible
MPRegen 0.11/turn               q - +6 ring of intelligence

@: attractive, flying quickly and evasively, hasted, extremely drained, very
quick
A: beak, talons 3, nimble flight, low MP 1, noise suppression
a: Evoke Invisibility


You were in a bailey.
You visited 1 branch of the dungeon, and saw 7 of its levels.
You also visited: Bailey.

You collected 272 gold pieces.

Inventory:

Hand Weapons
 a - a +0 long sword
 n - a +3 falchion (weapon)
Missiles
 d - a throwing net (quivered)
 e - a javelin
 g - a poisoned dart
Armour
 c - a +0 hat (worn)
 k - a +0 pair of gloves (worn)
 t - a scarf of invisibility (worn)
 x - a +4 ring mail of poison resistance (worn)
 B - +0 steam dragon scales
Jewellery
 p - a ring of see invisible (left hand)
 q - a +6 ring of intelligence (right hand)
Wands
 f - a wand of digging (3)
 y - a wand of iceblast (1)
Scrolls
 h - a scroll of enchant armour
 i - a scroll of torment {unknown}
 j - 2 scrolls of noise
 o - 2 scrolls of silence
 r - a scroll of magic mapping {unknown}
 u - a scroll of summoning {unknown}
 z - a scroll of fog {unknown}
 A - a scroll of teleportation {unknown}
 C - a scroll of fear {unknown}
Potions
 b - a potion of curing
 l - 3 potions of might
 s - a potion of attraction
 w - 3 potions of mutation


   Skills:
 + Level 6.0 Fighting
 + Level 8.8 Long Blades
 - Level 2.0 Throwing
 - Level 4.0 Armour
 + Level 7.0 Dodging
 - Level 4.0 Evocations


You had 8 spell levels left.
You didn't know any spells.
Your spell library contained the following spells:

 Spells                   Type           Power      Damage    Failure   Level
 Beastly Appendage        Tmut           0%         N/A       45%         1
 Blink                    Tloc           0%         N/A       61%         2
 Ensorcelled Hibernation  Hex/Ice        0%         N/A       61%         2
 Wereblood                Tmut           0%         N/A       61%         2
 Call Canine Familiar     Summ           0%         N/A       83%         3
 Ignite Poison            Fire/Tmut/Pois 0%         N/A       83%         3
 Mephitic Cloud           Conj/Pois/Air  0%         N/A       83%         3
 Portal Projectile        Hex/Tloc       0%         N/A       83%         3
 Spider Form              Tmut/Pois      0%         N/A       83%         3
 Anguish                  Hex/Necr       0%         N/A       99%         4
 Leda's Liquefaction      Hex/Erth       0%         N/A       99%         4
 Passage of Golubria      Tloc           0%         N/A       99%         4
 Freezing Cloud           Conj/Ice/Air   0%         6-21      100%        5
 Manifold Assault         Tloc           0%         N/A       100%        5
 Silence                  Hex/Air        0%         N/A       100%        5
 Storm Form               Tmut/Air       0%         N/A       100%        7
 Lehudib's Crystal Spear  Conj/Erth      0%         10d2      100%        8


Dungeon Overview and Level Annotations

Branches:
Dungeon (7/15)             Temple (0/1) D:4          Bailey (1/1)

Altars:
Ashenzari
Xom
The Shining One

Annotations:
D:1 exclusion: downstairs


Innate Abilities, Weirdness & Mutations

You have a beak for a mouth.
You have claws for feet.
Your magical nature lets you fly swiftly and evasively.
Your magical capacity is low. (-10% MP)
You passively dampen the noise of your surroundings.


Message History

You feel attractive to monsters.
The orc warrior hits you with a +0 war axe!
You feel yourself speed up.
Unknown command.
The orc knight is attracted toward you.
Unknown command.
The orc knight is attracted toward you.
The orc warrior is attracted toward you.
Unknown command.
The orc knight is attracted toward you.
The orc warrior is attracted toward you.
Things that are here:
a +0 hand axe; a +0 leather armour Unknown command.
The orc knight is attracted toward you.
The orc warrior is attracted toward you.
Things that are here:
a +0 war axe; a +0 leather armour Unknown command.
Throw: 2 throwing nets
Press: ? - help, Q - select action, (/) - cycle Shift-Dir - straight line, f/p - orc knight
Aim: an orc knight, wielding a +0 war axe and wearing a +0 ring mail (lightly wounded, 60% to hit)
You throw a throwing net. The throwing net hits the orc knight.
The orc knight is caught in the net!
The orc knight is lightly wounded.
The orc knight struggles against the net.
The orc warrior is attracted toward you.
Unknown command.
Okay, then.
As you read the scroll labelled HOP IMUTTUDAESH, it crumbles to dust.
You hear a loud clanging noise!
It was a scroll of noise.
You hear a shout! x2
As you read the scroll labelled POLIAR KAILYZI, it crumbles to dust.
It is a scroll of enchant armour.
Your +3 ring mail of poison resistance glows green for a moment.
The orc knight struggles against the net.
The orc warrior hits you with a +0 war axe!
Ouch! That really hurt!
You die...

#..# ##)# #)§# #.8#
#§.# #§8####
#..§..#######
#.8oo.#.....#
#...@.#.....#
####..#..⌠..#
#..')))..+
#..'..)..+
#####'''#####
#...........#
###~~~~...~~~~######
≈≈≈≈≈≈≈...≈≈≈≈≈≈≈≈≈≈
≈≈≈≈≈≈≈...≈≈≈≈≈≈≈≈≈≈


You could see an orc knight (caught) and an orc warrior (strong).

Vanquished Creatures
  Grinder (D:3)
  A steam dragon (D:7)
  Edmund (D:4)
  Duvessa (D:5)
  An ice beast (D:6)
  3 orc warriors (Bailey)
  A black bear (D:4)
  An ogre (D:6)
  A centaur (D:5)
  A bullfrog (D:6)
  4 wights (D:6)
  Dowan (D:5)
  3 electric eels
  A howler monkey (D:6)
  A jelly (D:6)
  A hound (D:5)
  2 gnoll boudas
  3 iguanas
  5 orc wizards
  20 gnolls
  9 adders
  A worm (D:4)
  5 dart slugs
  11 orcs
  15 ball pythons
  6 endoplasms
  6 giant cockroaches
  7 goblins
  16 hobgoblins
  8 jackals
  7 kobolds
  9 quokkas
  2 bats
  6 frilled lizards
  9 rats
170 creatures vanquished.

Vanquished Creatures (others)
  2 goblins (D:7)
  A plant (D:6)
3 creatures vanquished.

Grand Total: 173 creatures vanquished

Notes
Turn   | Place    | Note
-------+----------+-------------------------------------------
     0 | D:1      | dragoon the Tengu Gladiator began the quest for the Orb.
     0 | D:1      | Reached XP level 1. HP: 12/12 MP: 2/2
   382 | D:1      | Reached XP level 2. HP: 17/17 MP: 3/3
   410 | D:1      | Reached skill level 4 in Long Blades
   737 | D:1      | Found a faded altar of an unknown god.
   889 | D:1      | Reached XP level 3. HP: 21/21 MP: 4/4
  1479 | D:2      | Reached skill level 5 in Long Blades
  1538 | D:2      | Reached XP level 4. HP: 26/26 MP: 5/5
  1911 | D:2      | Reached skill level 6 in Long Blades
  2201 | D:3      | Gained mutation: Your magical nature lets you fly swiftly
                  | and evasively. [Tengu growth]
  2201 | D:3      | Reached XP level 5. HP: 25/30 MP: 6/6
  2746 | D:3      | Noticed Grinder
  2754 | D:3      | Gained mutation: You passively dampen the noise of your
                  | surroundings. [potion of mutation]
  2754 | D:3      | Gained mutation: Your magical capacity is low. (-10% MP)
                  | [potion of mutation]
  2764 | D:3      | Paralysed by Grinder for 2 turns
  2785 | D:3      | Killed Grinder
  2786 | D:3      | Reached XP level 6. HP: 35/35 MP: 6/6
  3271 | D:4      | Noticed a black bear
  3276 | D:4      | Killed a black bear
  3277 | D:4      | Reached skill level 1 in Armour
  3332 | D:4      | Found a staircase to the Ecumenical Temple.
  3377 | D:4      | Reached XP level 7. HP: 40/40 MP: 7/7
  3412 | D:4      | Noticed Edmund
  3443 | D:4      | Killed Edmund
  3785 | D:4      | Found a sand-covered staircase.
  4316 | D:5      | Entered Level 5 of the Dungeon
  4316 | D:5      | Noticed Duvessa
  4316 | D:5      | Noticed Dowan
  4329 | D:5      | Killed Duvessa
  4338 | D:5      | Killed Dowan
  4588 | D:5      | Reached skill level 7 in Long Blades
  4588 | D:5      | Reached XP level 8. HP: 46/46 MP: 8/8
  4664 | D:5      | Found a shimmering altar of Xom.
  4792 | D:5      | Found a broken altar of Ashenzari.
  5125 | D:5      | Reached skill level 5 in Dodging
  5892 | D:6      | Reached skill level 8 in Long Blades
  6048 | D:6      | Reached skill level 5 in Fighting
  6048 | D:6      | Reached XP level 9. HP: 52/54 MP: 9/9
  6141 | D:6      | Found a glowing golden altar of the Shining One.
  7243 | D:7      | Found a flagged portal.
  7295 | Bailey   | Entered a bailey
  8061 | Bailey   | Noticed an orc knight
  8093 | Bailey   | Slain by an orc warrior

Illustrated notes

Levels and vault maps discovered:
D:1:      dpeg_arrival_tiny_k, layout_loops_corners,
          ebering_ecumenical_altar_ruins
D:2:      layout_rooms, minmay_tromino_i2
D:3:      layout_loops_corners, uniq_grinder
D:4:      wad_crossroads, layout_basic, minmay_temple_entry_water_ring,
          enter_ossuary_5, chequers_serial_rivers_micro_d, serial_park_tiny_1,
          uniq_edmund
D:5:      layout_loops_ring, xom_teletrap_fun, lemuel_doored_altar,
          lightli_corner_chamber, uniq_duvessa
D:6:      layout_basic, general_overflow_altar, chequers_hall_statues_wall_a,
          nrook_campfire, serial_bayou_ford_a
D:7:      layout_basic, enter_bailey_5, hex_intersection
Bailey:   bailey_axe_of_yendor_kennysheep, bailey

Skill      XL: |  1  2  3  4  5  6  7  8  9 |
---------------+----------------------------+-----
Long Blades    | 4 5 6 7 8 |  8.8
Evocations     | 4 |  4.0
Armour         | 1 2 4 |  4.0
Dodging        | 4 6 7 |  7.0
Fighting       | 3 5 6 |  6.0
Throwing       | |  2.0

Action                   |  1- 3 |  4- 6 |  7- 9 || total
-------------------------+-------+-------+-------++-------
Melee: Long sword        |    84 |    70 |   163 ||   317
       Kick              |    23 |    17 |   104 ||   144
       Peck              |    10 |     9 |    66 ||    85
       Unarmed           |       |    12 |       ||    12
       Punch             |       |       |     5 ||     5
       Falchion          |       |       |   157 ||   157
Throw: Javelin           |     1 |     4 |     2 ||     7
       Throwing net      |     1 |     2 |     6 ||     9
       Dart              |       |       |     5 ||     5
  Use: Potion            |       |     3 |     6 ||     9
       Scroll            |       |     1 |     5 ||     6
 Stab: Held in net/web   |       |       |     3 ||     3
Armor: Ring mail         |    34 |    26 |    86 ||   146
       Leather armour    |     2 |       |       ||     2
       Skin              |       |     4 |       ||     4
Dodge: Dodged            |    49 |    42 |   208 ||   299
